 Dungeon Crawl Stone Soup version 0.27-a0-811-ga052575696 (webtiles) character file.

Game seed: 3365738958086994299

16972 Harga the Nimble (level 12, -3/93 HPs)
             Began as a Vampire Gladiator on Mar 29, 2021.
             Was an Elder of Nemelex Xobeh.
             Slain by a two-headed ogre
             ... wielding a +0 giant club
              (13 damage)
             ... on level 2 of the Orcish Mines.
             The game lasted 02:28:46 (11313 turns).

Harga the Nimble (Vampire Gladiator)               Turns: 11313, Time: 02:28:48

Health: -3/93      AC: 16    Str: 14    XL:     12   Next: 14%
Magic:  22/22      EV: 32    Int: 13    God:    Nemelex Xobeh [****..]
Gold:   1154       SH:  0    Dex: 17    Spells: 22/25 levels left

rFire    . . .     SeeInvis +   (weapon currently unavailable)
rCold    . . .     Faith    .   (shield currently unavailable)
rNeg     + + +     Spirit   .   (armour currently unavailable)
rPois    +         Reflect  .   (helmet currently unavailable)
rElec    .         Harm     .   (cloak currently unavailable)
rCorr    .         Rampage  .   (gloves currently unavailable)
Will     +....                  (boots currently unavailable)
Stlth    +++++.....             j - amulet of regeneration
HPRegen  1.45/turn              n - +4 ring of evasion
MPRegen  0.18/turn              Y - +4 ring of protection

@: fungus-form (expiring), regenerating quickly
A: melee confuse, terrified, no casting, alive, tiny, (fangs 3), see invisible,
(unbreathing 1), vampiric 2
a: Exsanguinate, Renounce Religion, Draw Escape, Draw Destruction, Draw
Summoning, Triple Draw, Deal Four


You were on level 2 of the Orcish Mines.
You worshipped Nemelex Xobeh.
Nemelex Xobeh was greatly pleased with you.
You were a sentient fungus.
You visited 3 branches of the dungeon, and saw 15 of its levels.

You collected 1154 gold pieces.

Inventory:

Hand Weapons
 v - a +1 vorpal trident
 w - a +2 long sword of electrocution (melded)
Missiles
 o - 30 poisoned darts (quivered)
 G - a javelin
Armour
 b - a +0 kite shield of protection (melded)
 i - a +0 pair of boots (melded)
 C - +0 steam dragon scales (melded)
 N - a +0 helmet (melded)
 O - +0 acid dragon scales
Jewellery
 j - an amulet of regeneration (around neck)
 n - a +4 ring of evasion (left hypha)
 u - a ring of magical power
 z - a ring of flight
 F - a ring of protection from fire
 M - an amulet of the acrobat
 Q - a ring of fire
 Y - a +4 ring of protection (right hypha)
 Z - a ring of see invisible
Wands
 h - a wand of random effects (22)
 t - a wand of flame (57)
 y - a wand of polymorph (16)
 D - a wand of acid (5)
 I - a wand of paralysis (4)
Scrolls
 e - 3 scrolls of enchant weapon
 f - 3 scrolls of identify
 k - 2 scrolls of brand weapon
 l - a scroll of immolation {unknown}
 m - a scroll of noise
 q - 4 scrolls of silence
 r - a scroll of enchant armour {unknown}
 A - a scroll of acquirement
 H - a scroll of magic mapping {unknown}
 J - a scroll of blinking {unknown}
 L - a scroll of fog {unknown}
 U - a scroll of teleportation {unknown}
 W - a scroll of amnesia {unknown}
Potions
 a - a potion of might {unknown}
 g - a potion of curing
 p - a potion of cancellation {unknown}
 x - 2 potions of magic {unknown}
 B - 4 potions of brilliance
 E - 2 potions of berserk rage
 K - 2 potions of resistance {unknown}
 V - 2 potions of lignification {unknown}
 X - a potion of attraction {unknown}


   Skills:
 - Level 8.2 Fighting
 - Level 5.6(8.4) Short Blades
 + Level 9.0(9.6) Long Blades
 - Level 1.5 Throwing
 - Level 3.5 Armour
 + Level 11.2 Dodging
 + Level 10.2 Stealth
 + Level 7.0 Spellcasting
 - Level 4.0 Hexes


You had 22 spell levels left.
You knew the following spells:

 Your Spells              Type           Power      Damage    Failure   Level
a - Confusing Touch       Hex            15%        N/A       9%          3

Your spell library contained the following spells:

 Spells                   Type           Power      Damage    Failure   Level
 Corona                   Hex            16%        N/A       3%          1
 Slow                     Hex            15%        N/A       4%          2
 Beastly Appendage        Tmut           8%         N/A       16%         1
 Freeze                   Ice            16%        1d4       16%         1
 Sting                    Tmut/Pois      16%        1d3       16%         1
 Summon Small Mammal      Summ           16%        N/A       16%         1
 Inner Flame              Hex/Fire       9%         N/A       21%         3
 Portal Projectile        Hex/Tloc       18%        N/A       21%         3
 Summon Guardian Golem    Hex/Summ       9%         N/A       21%         3
 Call Imp                 Summ           4%         N/A       22%         2
 Poisonous Vapours        Pois/Air       8%         N/A       22%         2
 Wereblood                Tmut           4%         N/A       22%         2
 Cause Fear               Hex            7%         N/A       28%         4
 Call Canine Familiar     Summ           4%         N/A       41%         3
 Frozen Ramparts          Ice            8%         1d2       41%         3
 Gell's Gravitas          Tloc           2%         N/A       41%         3
 Ignite Poison            Fire/Tmut/Pois 4%         N/A       41%         3
 Mephitic Cloud           Conj/Pois/Air  4%         N/A       41%         3
 Ozocubu's Armour         Ice            4%         N/A       41%         3
 Spider Form              Tmut/Pois      2%         N/A       41%         3
 Leda's Liquefaction      Hex/Erth       4%         N/A       54%         4
 Hailstorm                Conj/Ice       4%         3d4       83%         4
 Ice Form                 Ice/Tmut       4%         N/A       83%         4
 Olgreb's Toxic Radiance  Pois           4%         N/A       83%         4
 Petrify                  Tmut/Erth      4%         N/A       83%         4
 Summon Ice Beast         Ice/Summ       4%         N/A       83%         4
 Summon Lightning Spire   Summ/Air       4%         N/A       83%         4
 Metabolic Englaciation   Hex/Ice        4%         N/A       88%         5
 Yara's Violent Unravell  Hex/Tmut       4%         3d4       88%         5
 Blade Hands              Tmut           2%         N/A       99%         5


Dungeon Overview and Level Annotations

Branches:
Dungeon (12/15)            Temple (1/1) D:7            Lair (0/6) D:11
    Orc (2/2) D:9
    Elf: Orc:2

Altars:
Ashenzari
Cheibriados
Elyvilon
Fedhas
Gozag
Hepliaklqana
Kikubaaqudgha
Nemelex Xobeh
Okawaru
Qazlal
Ru
Sif Muna
Trog
Uskayaw
Vehumet
Wu Jian
Xom
Yredelemnul
Zin
The Shining One
Lugonu

Shops:
Orc:2 *

Portals:
Bailey: D:11

Annotations:
D:7 3 runed translucent doors, Dreamer's ghost, novice FoBe
Orc:1 Sonja


Innate Abilities, Weirdness & Mutations

You are a sentient fungus.
You are tiny and evasive.
Your melee attack releases spores that confuse breathing creatures.
You become terrified and freeze when enemies are visible.
Your armour is entirely melded.
You are incapable of wielding weapons or throwing items.
You cannot cast spells.
Your natural rate of healing is unusually fast.
((You have razor-sharp teeth.))
You have supernaturally acute eyesight. (SInv)
((You can survive without breathing.))
You are afflicted with vampirism and can become a bat while bloodless.


Message History

Aim: a two-headed ogre, wielding a +0 giant club and a +0 giant spiked club (lightly wounded, chance to confuse on hit: 46%, about 6% to evade your hyphae)
Okay, then.
Aiming: Random Effects
Press: ? - help, Shift-Dir - straight line, f/p - Maurice
Aim: Maurice, wielding a +0 short sword, wearing a +2 cloak of willpower, wearing a ring of poison resistance and carrying a wand of polymorph (6) (almost dead, covering ground quickly, slightly transparent, lightly drained, chance to confuse on hit: 66%) Maurice seems to grow stronger.
The ogre mage casts a spell at the two-headed ogre.
The two-headed ogre seems to speed up.
Maurice zaps a wand.
You resist with almost no effort.
The two-headed ogre completely misses you.
The two-headed ogre closely misses you.
You draw a card...
You have drawn Wild Magic.
The two-headed ogre has an odd expression for a moment.
The two-headed ogre is poisoned.
Sparks of electricity dance between the two-headed ogre's hands!!
The two-headed ogre looks faint for a moment.
The two-headed ogre is poisoned.
Dim flames ripple over Maurice's body!
You kill Maurice!
Heat is drained from the ogre mage.
You feel a surge of magic. The two-headed ogre misses you.
The two-headed ogre completely misses you.
The two-headed ogre misses you.
The two-headed ogre completely misses you.
The two-headed ogre misses you.
The two-headed ogre completely misses you.
Your Long Blades skill increases to level 9!
You draw a card...
You have drawn the Orb.
Press: ? - help, Shift-Dir - straight line, f - two-headed ogre
Aim: a two-headed ogre, wielding a +0 dire flail and a +0 giant club (moderately wounded, chance to confuse on hit: 46%)
The wavering orb of destruction weakly hits the two-headed ogre!!
The two-headed ogre is severely wounded.
The wavering orb of destruction weakly hits the two-headed ogre!!
The two-headed ogre is severely wounded.
The wavering orb of destruction weakly hits the two-headed ogre!!
The two-headed ogre is severely wounded.
The two-headed ogre misses you.
The two-headed ogre hits you with a +0 giant spiked club!
You die...
Your body glows with a rainbow of weird colours and disappears.

###..................(.(###......
##.....##.......<...)..........
####....#.................<).....
#.###.##............O.....[)..#..
......#....................[.#...
#...............)...........###.3
#..........................###...
#..............*)O........h...§5.
..∩............OfO.#..........§..
..............*○**###.....##.§..#
...#.............## ###....###§..
.##.............## ##....# #.# #
##.###.##..#### ##..## ## ###
####### ####


You could see 3 two-headed ogres and an ogre mage.

Vanquished Creatures
  A centaur warrior (D:11)
  An orc high priest (Orc:1)
  2 two-headed ogres (Orc:2)
  A skeletal warrior (D:12)
  An orc knight (D:9)
  A cyclops (D:12)
  An orc sorcerer (Orc:1)
  Maurice (Orc:2)
  A gargoyle (D:10)
  A kobold demonologist (D:4)
  A troll (D:10)
  8 yaks
  2 wyverns (D:9)
  Sigmund (D:2)
  A shadow (D:12)
  2 wraiths
  2 steam dragons
  3 vampire mosquitoes
  2 wargs
  Edmund (D:6)
  2 water moccasins
  An ice beast (D:7)
  11 orc warriors
  A black bear (D:6)
  11 ogres
  8 centaurs
  A tengu (D:6)
  4 gnoll sergeants
  3 bullfrogs (D:7)
  4 water moccasin zombies
  3 killer bees (D:11)
  5 vampire bats
  3 howler monkeys
  5 centaur zombies
  3 hounds
  13 orc priests
  A jelly (D:6)
  3 gnoll shamans
  Crazy Yiuf (D:7)
  A centaur skeleton (D:3)
  An iguana (D:6)
  Jessica (D:2)
  21 orc wizards
  Ijyb (D:3)
  A hound zombie (D:5)
  A howler monkey zombie (D:7)
  29 gnolls
  8 adders
  A shadow imp (D:7)
  2 white imps (D:6)
  An ufetubus (D:7)
  An adder skeleton (D:4)
  A worm (D:2)
  3 dart slugs
  51 orcs
  6 ball pythons
  9 bats
  A bat skeleton (D:7)
  4 bat zombies (D:7)
  5 endoplasms
  2 giant cockroaches
  11 goblins
  4 hobgoblins
  6 jackals (D:3)
  4 kobolds
  3 quokkas
  8 rats
304 creatures vanquished.

Vanquished Creatures (collateral kills)
  4 skeletal warriors (D:12)
  A deep elf pyromancer (D:12)
  A manticore (D:11)
  A troll (D:12)
  A shadow (D:11)
  4 vampire mosquitoes
  An acid dragon (D:12)
  2 wargs (D:11)
  5 centaurs
  An orc priest (D:11)
  An orc (D:11)
22 creatures vanquished.

Vanquished Creatures (others)
  A fungus (D:7)
  A plant (D:11)
2 creatures vanquished.

Grand Total: 328 creatures vanquished

Notes
Turn   | Place    | Note
-------+----------+-------------------------------------------
     0 | D:1      | Harga the Vampire Gladiator began the quest for the Orb.
     0 | D:1      | Reached XP level 1. HP: 16/16 MP: 1/1
    45 | D:1      | Reached skill level 1 in Stealth
    71 | D:1      | Reached XP level 2. HP: 22/22 MP: 2/2
   402 | D:2      | Noticed Sigmund
   406 | D:2      | Found a faded altar of an unknown god.
   497 | D:2      | Gained mutation: You are afflicted with vampirism and can
                  | become a bat while bloodless. [Vampire growth]
   497 | D:2      | Reached XP level 3. HP: 9/27 MP: 3/3
   583 | D:2      | Reached XP level 4. HP: 20/34 MP: 3/5
   586 | D:2      | Reached skill level 1 in Spellcasting
   813 | D:2      | Found a sparkling altar of Nemelex Xobeh.
   867 | D:2      | Became a worshipper of Nemelex Xobeh the Trickster
   961 | D:2      | Noticed Jessica
  1005 | D:2      | Killed Jessica
  1006 | D:2      | Reached skill level 4 in Dodging
  1178 | D:3      | Reached XP level 5. HP: 39/39 MP: 5/7
  1439 | D:3      | Noticed Ijyb
  1448 | D:3      | Killed Ijyb
  1847 | D:4      | Noticed an ogre
  1988 | D:4      | Reached XP level 6. HP: 35/46 MP: 8/8
  2052 | D:4      | Found an iron altar of Okawaru.
  2122 | D:4      | Found a hazy altar of Hepliaklqana.
  2227 | D:5      | Entered Level 5 of the Dungeon
  2227 | D:5      | Reached * piety under Nemelex Xobeh
  2318 | D:4      | Noticed a kobold demonologist
  2417 | D:4      | Found a broken altar of Ashenzari.
  2512 | D:4      | Reached skill level 5 in Dodging
  2512 | D:4      | Reached skill level 5 in Stealth
  2620 | D:4      | Found a blossoming altar of Fedhas.
  2633 | D:4      | Reached skill level 5 in Short Blades
  2633 | D:4      | Reached XP level 7. HP: 49/52 MP: 10/10
  2884 | D:5      | Reached skill level 1 in Hexes
  3048 | D:6      | Noticed a steam dragon
  3054 | D:6      | a steam dragon changed into a tengu
  3398 | D:6      | Noticed a yak
  3398 | D:6      | Noticed a yak
  3398 | D:6      | Noticed a yak
  3398 | D:6      | Noticed a yak
  3450 | D:5      | Killed a yak
  3451 | D:5      | Reached XP level 8. HP: 9/60 MP: 11/11
  3502 | D:5      | Learned a level 3 spell: Confusing Touch
  3579 | D:5      | Received a gift from Nemelex Xobeh
  3671 | D:5      | Identified 2 scrolls of acquirement
  3671 | D:5      | Acquired a +0 kite shield of protection
  3849 | D:5      | Reached skill level 1 in Long Blades
  4057 | D:5      | Reached skill level 6 in Dodging
  4089 | D:5      | Found an ornate altar of the Wu Jian Council.
  4293 | D:6      | Reached skill level 1 in Armour
  4543 | D:6      | Noticed Edmund
  4623 | D:6      | Killed Edmund
  4665 | D:6      | Reached skill level 5 in Fighting
  4685 | D:6      | Found a stormy altar of Qazlal.
  4768 | D:6      | Reached ** piety under Nemelex Xobeh
  4964 | D:6      | Reached XP level 9. HP: 59/61 MP: 12/12
  5163 | D:6      | Reached skill level 7 in Dodging
  5992 | D:7      | Found a basalt altar of Yredelemnul.
  6065 | D:7      | Found a staircase to the Ecumenical Temple.
  6076 | Temple   | Entered the Ecumenical Temple
  6278 | D:7      | Reached skill level 8 in Dodging
  6344 | D:7      | Found a runed translucent gate.
  6344 | D:7      | Found a runed translucent gate.
  6344 | D:7      | Found a runed translucent gate.
  6344 | D:7      | Noticed Dreamer's ghost (novice FoBe)
  6550 | D:2      | Killed Sigmund
  6640 | D:4      | Killed a kobold demonologist
  6641 | D:4      | Reached skill level 5 in Long Blades
  6828 | D:7      | Received a gift from Nemelex Xobeh
  6978 | D:7      | Found an ancient bone altar of Kikubaaqudgha.
  6995 | D:7      | Reached XP level 10. HP: 77/77 MP: 13/13
  7096 | D:7      | Found a runed translucent door.
  7097 | D:7      | Noticed Crazy Yiuf
  7106 | D:7      | Killed Crazy Yiuf
  7285 | D:8      | Found a snail-covered altar of Cheibriados.
  7614 | D:9      | You fall into a shaft and drop 3 floors!
  7666 | D:12     | Received a gift from Nemelex Xobeh
  7683 | D:12     | Noticed a deep elf pyromancer
  7718 | D:12     | Noticed a manticore
  7776 | D:12     | Noticed a cyclops
  7782 | D:12     | Noticed a skeletal warrior
  7790 | D:12     | Noticed a skeletal warrior
  7791 | D:12     | Noticed a skeletal warrior
  7801 | D:12     | Noticed a skeletal warrior
  7804 | D:12     | Reached skill level 9 in Dodging
  7804 | D:12     | Killed a cyclops
  7807 | D:12     | Killed a deep elf pyromancer
  7815 | D:12     | Killed a skeletal warrior
  7818 | D:12     | Killed a skeletal warrior
  7822 | D:12     | Killed a skeletal warrior
  7838 | D:12     | Killed a skeletal warrior
  7845 | D:12     | Noticed a skeletal warrior
  7867 | D:12     | Killed a skeletal warrior
  7909 | D:11     | Noticed a centaur warrior
  7916 | D:12     | Reached XP level 11. HP: 65/86 MP: 18/18
  7938 | D:11     | Killed a centaur warrior
  7939 | D:11     | Reached skill level 5 in Spellcasting
  7970 | D:11     | Found a flagged portal.
  7987 | D:11     | Identified the +6 hand axe "Heudd" {pain, rPois Dex+4}
  8001 | D:11     | Found a staircase to the Lair.
  8015 | D:11     | Reached skill level 10 in Dodging
  8090 | D:11     | Reached *** piety under Nemelex Xobeh
  8139 | D:11     | Noticed a two-headed ogre
  8183 | D:10     | Entered Level 10 of the Dungeon
  8508 | D:9      | Found a staircase to the Orcish Mines.
  8515 | D:9      | Received a gift from Nemelex Xobeh
  8573 | D:9      | Found a stormy altar of Qazlal.
  8618 | D:9      | Found a bloodstained altar of Trog.
  8637 | D:9      | Found a radiant altar of Vehumet.
  8990 | D:10     | Identified the -5 pair of gloves "Busch" {-Tele +Fly MP-9
                  | Int+6}
  9247 | D:10     | Reached **** piety under Nemelex Xobeh
  9267 | D:10     | Received a gift from Nemelex Xobeh
  9494 | D:10     | Identified the +6 battleaxe of Honguu {vorpal, Fragile rF-
                  | MP+9 Str+4 Dex+6}
 10014 | Orc:1    | Entered Level 1 of the Orcish Mines
 10025 | Orc:1    | Noticed an orc knight
 10135 | D:9      | Killed an orc knight
 10377 | Orc:1    | Noticed an orc high priest
 10416 | Orc:1    | Found Cimerres's Magic Scroll Shop.
 10524 | Orc:2    | Entered Level 2 of the Orcish Mines
 10672 | Orc:2    | Noticed a two-headed ogre
 10673 | Orc:2    | Found Uxzig's Assorted Antiques.
 10673 | Orc:2    | Noticed a two-headed ogre
 10673 | Orc:2    | Noticed an ogre mage
 10710 | Orc:2    | Found a gate leading to a gauntlet.
 10749 | Orc:2    | Noticed a two-headed ogre
 10762 | Orc:2    | Noticed Sonja
 10762 | Orc:2    | Noticed an orc sorcerer
 10778 | Orc:1    | Noticed an ettin
 10827 | Orc:2    | Noticed a sixfirhy
 10842 | Orc:1    | Noticed a soul eater
 10843 | Orc:1    | Killed an orc sorcerer
 10982 | Orc:1    | Noticed a sixfirhy
 10982 | Orc:1    | Killed an orc high priest
 10997 | Orc:1    | Reached skill level 11 in Dodging
 11198 | Orc:2    | Received a gift from Nemelex Xobeh
 11257 | Orc:2    | Noticed a two-headed ogre
 11267 | Orc:2    | Killed a two-headed ogre
 11268 | Orc:2    | Reached XP level 12. HP: 93/93 MP: 22/22
 11276 | Orc:2    | Noticed Maurice
 11291 | Orc:2    | Noticed a two-headed ogre
 11292 | Orc:2    | Noticed a two-headed ogre
 11296 | Orc:2    | Noticed a two-headed ogre
 11302 | Orc:2    | Reached skill level 10 in Stealth
 11307 | Orc:2    | Killed a two-headed ogre
 11307 | Orc:2    | Noticed an ogre mage
 11312 | Orc:2    | Killed Maurice
 11313 | Orc:2    | Slain by a two-headed ogre

Illustrated notes

Levels and vault maps discovered:
D:1:      dpeg_arrival_stone_temple_mockup, layout_rooms
D:2:      layout_basic, chequers_ecumenical_altar_simple,
          nemelex_xobeh_ov_fountains_minmay, uniq_sigmund, uniq_jessica
D:3:      layout_basic, serial_glass, glass_columns_b, glass_columns_b,
          glass_columns_a, glass_columns_c, glass_columns_a, glass_columns_c,
          uniq_ijyb
D:4:      layout_basic, overflow_temple_1_default, general_overflow_altar,
          kennysheep_okawaru_gauntlet, fedhas_altar_fruit_tree
D:5:      layout_rooms, kennysheep_little_box, serial_corexii_hall,
          corexii_hall_statues_s, corexii_hall_statues_l
D:6:      layout_basic, lemuel_crystal_altar, uniq_edmund
D:7:      layout_basic, kennysheep_vampire_church, lemuel_doored_altar,
          minmay_temple_entry_hall, gammafunk_ghost_nasty_kobolds,
          uniq_crazy_yiuf_cottage
D:8:      layout_loops_ring, nicolae_dithmenos_the_darkroom,
          kennysheep_mini_moat, grunt_temple_overflow_diamond, disabler_island
D:9:      layout_basic, bloody_trog, nicolae_overflow_crystal_walls,
          orc_0_dummy, nicolae_qazlal_eye_of_the_storm
D:10:     layout_grid_maze, minmay_misc_feat_five
D:11:     layout_rooms, erik_lair_orcish_takeover, enter_bailey_2
D:12:     layout_rooms, serial_corexii_hall, chequers_hall_statues_wall_a,
          chequers_hall_statues_corner_a
Temple:   corrupted_temple
Orc:1:    layout_diamond_mine, serial_shops, shop, roderic_batcave
Orc:2:    st_orc_ogre_mass, layout_caves, gauntlet_entry_generic, uniq_sonja,
          uniq_maurice

Skill      XL: |  1  2  3  4  5  6  7  8  9 10 11 12 |
---------------+-------------------------------------+-----
Stealth        | 1 2 3 4 5 6 7 9 10 | 10.2
Fighting       | 2 3 4 5 6 7 8 |  8.2
Spellcasting   | 1 2 4 6 7 |  7.0
Short Blades   | 4 5 |  5.6
Dodging        | 4 5 6 8 9 11 | 11.2
Hexes          | 3 4 |  4.0
Long Blades    | 3 5 7 8 9 |  9.0
Armour         | 2 3 |  3.5
Throwing       | |  1.5

Action                   |  1- 3 |  4- 6 |  7- 9 | 10-12 || total
-------------------------+-------+-------+-------+-------++-------
Melee: Rapier            |    65 |    97 |       |       ||   162
       Bite              |     4 |    33 |   132 |    51 ||   220
       Dagger            |       |   145 |   831 |       ||   976
       Long sword        |       |       |    49 |   437 ||   486
Throw: Throwing net      |       |     4 |       |       ||     4
       Dart              |       |    16 |       |       ||    16
       Javelin           |       |     7 |    19 |     9 ||    35
Invok: Draw Summoning    |       |       |       |     5 ||     5
       Draw Escape       |       |       |       |     4 ||     4
       Draw Destruction  |       |       |       |    12 ||    12
Evoke: Wand              |       |       |     2 |     1 ||     3
  Use: Scroll            |       |     1 |     4 |     4 ||     9
       Potion            |       |     1 |     1 |     2 ||     4
 Stab: Sleeping          |     1 |     4 |     9 |     6 ||    20
       Distracted        |       |       |     1 |     2 ||     3
       Petrified         |       |       |       |     4 ||     4
Armor: Leather armour    |    13 |    35 |    15 |       ||    63
       Steam dragon scal |       |       |   158 |   156 ||   314
       Skin              |       |       |       |     6 ||     6
Dodge: Dodged            |    44 |   161 |   572 |   687 ||  1464
Block: Kite shield       |       |       |   208 |   281 ||   489
       Rpst.: Long sword |       |       |     9 |   121 ||   130

Table legend: (Time is in decaauts)
 A = Elapsed time spent in this place.
 B = Non-inter-level travel time spent in this place.
 C = Inter-level travel time spent in this place.
 D = Time resting spent in this place.
 E = Time spent auto-exploring this place.
 F = Levels seen in this place.
 G = Mean time per level.
                   A        B        C        D        E       F      G
               +--------+--------+--------+--------+--------+-----+--------+
         Total |  11395 |  11273 |    122 |    355 |    798 |  15 |  759.7 |
       Dungeon |  10184 |  10062 |    122 |    355 |    798 |  12 |  848.7 |
        Temple |     41 |     41 |      0 |      0 |      0 |   1 |   41.0 |
  Orcish Mines |   1169 |   1169 |      0 |      0 |      0 |   2 |  584.5 |
               +--------+--------+--------+--------+--------+-----+--------+

Top non-repeatable levels by time:
     D:6: 1820 daAuts
    D:10: 1252 daAuts
     D:7: 1241 daAuts
     D:4: 1061 daAuts
     D:9: 962 daAuts
     D:5: 899 daAuts
     D:3: 841 daAuts
     D:2: 806 daAuts
   Orc:1: 687 daAuts
   Orc:2: 482 daAuts
     D:1: 353 daAuts
     D:8: 343 daAuts
    D:12: 337 daAuts
    D:11: 263 daAuts
  Temple: 41 daAuts
